 Dungeon Crawl Stone Soup version 0.31-a0-446-g07c4bd200f (webtiles) character file.

Game seed: 4307048238494041616

5350 Ethylacetat the Mimic (level 10, -5/58 HPs)
             Began as a Vine Stalker Monk on Aug 3, 2023.
             Hit by a javelin thrown by a centaur (7 damage)
             ... in a bailey.
             The game lasted 00:13:25 (6142 turns).

Ethylacetat the Mimic (Vine Stalker Monk)           Turns: 6142, Time: 00:13:26

Health: -5/58      AC:  9    Str: 19    XL:     10   Next: 65%
Magic:  0/21       EV: 11    Int: 10    God:
Gold:   579        SH:  0    Dex: 21    Spells: 22/22 levels left

rFire   . .          .
                       - Unarmed
rCold   . . .        c - melded orb {light}
rNeg    + . .        C - melded +3 ring mail
rPois   .            (helmet currently unavailable)
rElec   .            (cloak currently unavailable)
rCorr   .            (gloves currently unavailable)
SInv    .            (boots currently unavailable)
Will    +....        w - amulet of magic regeneration
Stlth   ++           n - ring of positive energy
HPRegen 1.09/turn    (no ring)
MPRegen 0.57/turn

%: guardian spirit
@: snake-form
A: constrict, boosted hp, large, (fangs 3), regeneration 1, magic shield,
(antimagic bite), no potion heal 2
a: Begin Untransformation


You were in a bailey.
You were an enormous anaconda.
You visited 2 branches of the dungeon, and saw 9 of its levels.
You also visited: Bailey.

You collected 579 gold pieces.

Inventory:

Missiles
 m - 4 curare-tipped darts (quivered)
 J - 9 javelins
Armour
 c - an orb of light (melded)
 C - a +3 ring mail (melded)
Jewellery
 n - a ring of positive energy (left hand)
 w - an amulet of magic regeneration (around neck)
 A - a ring of protection from cold
Talismans
 d - a beast talisman
 r - a serpent talisman (active)
 I - a serpent talisman (active)
Wands
 t - a wand of roots (11)
 x - a wand of light (7)
 y - a wand of mindburst (6)
 B - a wand of flame (13)
Scrolls
 a - a scroll of immolation {unknown}
 e - 5 scrolls of identify
 f - 3 scrolls of teleportation
 g - a scroll of torment {unknown}
 h - a scroll of acquirement {unknown}
 i - a scroll of noise {unknown}
 o - 4 scrolls of blinking
 z - a scroll of fear {unknown}
 D - a scroll of vulnerability {unknown}
 F - a scroll of revelation
 G - a scroll of amnesia {unknown}
Potions
 j - a potion of degeneration {unknown}
 k - 2 potions of attraction {unknown}
 l - 2 potions of lignification {unknown}
 p - a potion of magic {unknown}
 q - a potion of heal wounds {unknown}
 s - 2 potions of curing {unknown}
 u - a potion of enlightenment {unknown}
 v - 3 potions of mutation {unknown}
 E - a potion of cancellation {unknown}
 H - a potion of might {unknown}


   Skills:
 + Level 6.9 Fighting
 - Level 2.4 Dodging
 + Level 7.6 Unarmed Combat
 + Level 6.8 Spellcasting
 * Level 8.2 Shapeshifting


You had 22 spell levels left.
You didn't know any spells.
Your spell library contained the following spells:

 Spells                   Type           Power      Damage    Failure   Level
 Sublimation of Blood     Necr           3%         N/A       28%         2
 Ignite Poison            Fire/Tmut/Pois 3%         N/A       50%         3
 Passage of Golubria      Tloc           3%         N/A       88%         4
 Petrify                  Tmut/Erth      3%         N/A       88%         4
 Sticky Flame             Conj/Fire      3%         2d3       88%         4
 Irradiate                Conj/Tmut      1%         3d12      99%         5
 Silence                  Hex/Air        1%         N/A       99%         5
 Ignition                 Fire           1%         3d3       100%        8
 Lehudib's Crystal Spear  Conj/Erth      1%         10d2      100%        8


Dungeon Overview and Level Annotations

Branches:
Dungeon (8/15)             Temple (1/1) D:6          Bailey (1/1)
   Lair: D:8-11

Altars:
Ashenzari
Cheibriados
Dithmenos
Elyvilon
Gozag
Hepliaklqana
Kikubaaqudgha
Makhleb
Nemelex Xobeh
Okawaru
Qazlal
Ru
Sif Muna
Trog
Wu Jian
Xom
Zin
The Shining One


Innate Abilities, Weirdness & Mutations

You are an enormous anaconda.
You have a powerful constriction melee attack.
Your maximum health is increased.
Your armour is entirely melded.
You are incapable of wielding weapons or throwing items.
((You have razor-sharp teeth.))
Your natural rate of healing is unusually fast.
When hurt, damage is shared between your health and your magic reserves.
((Your bite disrupts and absorbs the magic of your enemies.))
Potions cannot restore your health.


Message History

* * * LOW HITPOINT WARNING * * *
The centaur throws a javelin.
The javelin barely misses you.
You bump into the stone wall.
The centaur throws a javelin.
The javelin pierces through you!
* * * LOW HITPOINT WARNING * * *
You bump into the stone wall.
You bump into the stone wall.
The centaur throws a javelin.
The javelin pierces through you!
* * * LOW HITPOINT WARNING * * *
You bump into the stone wall.
The centaur throws a javelin.
The javelin barely misses you.
The centaur throws a javelin.
The javelin pierces through you.
The centaur throws a javelin.
The javelin pierces through you.
You bump into the stone wall.
You feel less invigorated.
You feel less confused.
The centaur throws a javelin.
The javelin pierces through you!
* * * LOW HITPOINT WARNING * * *
The centaur throws a javelin.
The javelin barely misses you.
The centaur throws a javelin.
The javelin closely misses you.
The centaur throws a javelin.
The javelin pierces through you but does no damage.
Okay, then.
The centaur throws a javelin.
The javelin pierces through you but does no damage.
The centaur throws a javelin.
The javelin barely misses you.
The centaur throws a javelin.
The javelin pierces through you.
The centaur throws a javelin.
The javelin pierces through you.
* * * LOW HITPOINT WARNING * * *
The centaur throws a javelin.
The javelin pierces through you but does no damage.
The centaur throws a javelin.
The javelin pierces through you.
* * * LOW HITPOINT WARNING * * *
The centaur throws a javelin.
The javelin completely misses you. The centaur closely misses you.
The centaur throws a javelin.
The javelin barely misses you.
The centaur hits you from afar with a +0 trident!
* * * LOW HITPOINT WARNING * * *
You enter the deep water.
The centaur throws a javelin.
The javelin pierces through you!
You die...

#≈....#####.....#####....≈#
##...)...⌠#######⌠)......##
##....).)...)...).)....##
##...................##
#########)''#########
##≈≈≈≈≈≈≈#...#
##≈≈≈≈≈≈≈≈#...#
##≈≈≈≈≈≈≈≈.#.).# ≈≈≈
#≈≈≈≈≈≈≈..S#...#≈c.≈
#≈≈≈≈≈..≈≈≈c....≈≈≈.
#≈≈≈≈)≈≈≈c..).....≈≈
#≈≈≈≈.≈.....≈≈≈.....
#≈≈≈.≈≈.⌠).≈≈≈≈≈..⌠.
#≈≈≈.≈.....≈≈≈≈≈....
#≈≈)≈≈....≈≈~~~≈≈...
#≈≈.≈....)≈c≈~≈~≈...
#≈≈.≈.....≈c≈!≈~≈...


You could see 3 centaurs.

Vanquished Creatures
  A two-headed ogre (D:7)
  Pikel (D:5)
  Maurice (D:8)
  Psyche (D:8)
  Grinder (D:4)
  Eustachio (D:4)
  Menkaure (D:7)
  A water moccasin (D:8)
  9 orc warriors
  A sky beast (D:6)
  A black bear (D:7)
  An ogre (D:6)
  3 phantoms
  7 centaurs
  A bullfrog (D:8)
  4 scorpions
  4 killer bees (D:7)
  A howler monkey (D:8)
  2 hounds
  2 jellies
  4 orc priests
  3 sleepcaps
  3 iguanas
  6 orc wizards
  Ijyb (D:4)
  Robin (D:4)
  3 gnolls (D:8)
  7 adders
  2 shadow imps (D:5)
  A worm (D:5)
  2 dart slugs
  31 orcs
  2 ball pythons
  2 bats
  4 endoplasms
  3 giant cockroaches
  20 goblins
  7 hobgoblins
  3 jackals (D:4)
  5 kobolds
  5 quokkas
  A frilled lizard (D:3)
  4 rats
164 creatures vanquished.

Vanquished Creatures (others)
  An orc (Bailey)
1 creature vanquished.

Grand Total: 165 creatures vanquished

Notes
Turn   | Place    | Note
-------+----------+-------------------------------------------
     0 | D:1      | Ethylacetat the Vine Stalker Monk began the quest for the
                  | Orb.
     0 | D:1      | Reached XP level 1. HP: 11/11 MP: 2/2
   175 | D:1      | Reached XP level 2. HP: 16/16 MP: 3/3
   628 | D:2      | Reached skill level 1 in Spellcasting
   628 | D:2      | Reached skill level 1 in Shapeshifting
   628 | D:2      | Reached XP level 3. HP: 20/20 MP: 5/5
   908 | D:2      | You fall into a shaft and drop 2 floors!
  1066 | D:3      | Gained mutation: Your natural rate of healing is unusually
                  | fast. [Vine Stalker growth]
  1066 | D:3      | Reached XP level 4. HP: 24/24 MP: 5/7
  1116 | D:3      | Noticed a phantom
  1134 | D:3      | Killed a phantom
  1135 | D:3      | Reached skill level 2 in Shapeshifting
  1135 | D:3      | Reached XP level 5. HP: 22/28 MP: 4/8
  1261 | D:2      | Found a burning altar of Makhleb.
  1293 | D:2      | Identified the +5 falchion of Abomination {flame, rPois
                  | rC+}
  2315 | D:4      | Reached XP level 6. HP: 28/32 MP: 10/10
  2367 | D:4      | Noticed Eustachio
  2385 | D:4      | Killed Eustachio
  2386 | D:4      | Reached skill level 3 in Shapeshifting
  2437 | D:4      | Noticed Grinder
  2456 | D:4      | Killed Grinder
  2457 | D:4      | Reached XP level 7. HP: 14/37 MP: 6/12
  2718 | D:4      | Noticed Ijyb
  2732 | D:4      | Killed Ijyb
  2911 | D:4      | Noticed Robin
  2937 | D:4      | Killed Robin
  3017 | D:5      | Entered Level 5 of the Dungeon
  3036 | D:5      | Noticed Pikel
  3037 | D:5      | Reached skill level 4 in Shapeshifting
  3047 | D:5      | Killed Pikel
  3048 | D:5      | Reached skill level 5 in Unarmed Combat
  3048 | D:5      | Gained mutation: You have razor-sharp teeth. [Vine Stalker
                  | growth]
  3048 | D:5      | Reached XP level 8. HP: 37/42 MP: 11/15
  3074 | D:5      | Reached skill level 5 in Shapeshifting
  3282 | D:5      | Reached skill level 5 in Fighting
  3895 | D:5      | Found a bloodstained altar of Trog.
  4053 | D:6      | Found a staircase to the Ecumenical Temple.
  4083 | Temple   | Entered the Ecumenical Temple
  4214 | D:6      | Reached XP level 9. HP: 27/47 MP: 17/17
  4496 | D:6      | Reached skill level 5 in Spellcasting
  4496 | D:6      | Reached skill level 6 in Shapeshifting
  4960 | D:7      | Noticed a two-headed ogre
  4974 | D:7      | Killed a two-headed ogre
  5240 | D:7      | Noticed Menkaure
  5248 | D:7      | Reached skill level 7 in Shapeshifting
  5251 | D:7      | Killed Menkaure
  5345 | D:7      | Found a broken altar of Ashenzari.
  5455 | D:8      | Noticed Psyche
  5461 | D:8      | Reached XP level 10. HP: 41/53 MP: 17/20
  5471 | D:8      | Killed Psyche
  5471 | D:8      | Noticed Maurice
  5479 | D:8      | Killed Maurice
  5517 | D:8      | Found a flagged portal.
  5532 | Bailey   | Entered a bailey
  5856 | Bailey   | Reached skill level 8 in Shapeshifting
  6131 | Bailey   | HP: 2/58 [centaur/javelin (3)]
  6141 | Bailey   | HP: 1/58 [centaur/+0 trident (5)]
  6142 | Bailey   | Hit by a javelin thrown by a centaur

Illustrated notes

Levels and vault maps discovered:
D:1:      minmay_arrival_four_houses, layout_basic, grunt_decor_one_mirror
D:2:      layout_basic, basic_altar
D:3:      layout_basic, serial_aquarium, aquarium_bridge_square
          [aquarium_subvault_balcony, aquarium_subvault_bridge,
          aquarium_subvault_window, aquarium_subvault_wall],
          aquarium_window_corner, aquarium_window_2, aquarium_view_2a,
          aquarium_view_2a, aquarium_balcony_1b
D:4:      layout_loops_ring, uniq_eustachio, uniq_ijyb, uniq_robin,
          uniq_grinder, uniq_blork_the_orc
D:5:      layout_basic, trog_hazing_becter, uniq_pikel
D:6:      layout_basic, minmay_temple_entry_waves
D:7:      layout_loops_ring, nicolae_overflow_hidden_temple, uniq_menkaure
D:8:      layout_rooms, nicolae_overflow_squiral, enter_bailey_3, minivault_27,
          minmay_crystal_water, uniq_psyche, uniq_prince_ribbit1, uniq_grum,
          uniq_maurice
Temple:   nicolae_temple_superstar
Bailey:   bailey_polearm_flooded_kennysheep, bailey

Skill      XL: |  1  2  3  4  5  6  7  8  9 10 |
---------------+-------------------------------+-----
Fighting       | 3 4 5 6 |  6.9
Spellcasting   | 1 2 3 4 6 |  6.8
Shapeshifting  | 1 2 3 4 5 7 8 |  8.2
Unarmed Combat | 4 5 6 7 |  7.6
Dodging        | |  2.4

Action                     |  1- 3 |  4- 6 |  7- 9 | 10-12 || total
---------------------------+-------+-------+-------+-------++-------
  Melee: Unarmed           |    60 |    92 |   222 |   110 ||   484
         Bite              |    14 |    36 |    86 |    25 ||   161
         Constrict         |       |       |       |    11 ||    11
  Throw: Dart              |       |       |     6 |       ||     6
  Evoke: Wand              |       |       |     1 |     4 ||     5
    Use: Scroll            |       |       |     4 |       ||     4
         Potion            |       |       |       |     2 ||     2
 Armour: Robe              |     7 |    16 |    12 |       ||    35
         Ring mail         |       |       |    35 |    22 ||    57
         Skin              |       |       |       |    34 ||    34
  Dodge: Dodged            |    35 |    63 |   119 |   118 ||   335
   Form: Beast             |     1 |       |       |       ||     1
         Anaconda          |       |       |       |     1 ||     1

Table legend: (Time is in decaauts)
 A = Elapsed time spent in this place.
 B = Non-inter-level travel time spent in this place.
 C = Inter-level travel time spent in this place.
 D = Time resting spent in this place.
 E = Time spent auto-exploring this place.
 F = Levels seen in this place.
 G = Mean time per level.
                   A        B        C        D        E       F      G
               +--------+--------+--------+--------+--------+-----+--------+
         Total |   6092 |   5953 |    139 |    126 |   4558 |  10 |  609.2 |
       Dungeon |   5493 |   5354 |    139 |      0 |   4435 |   8 |  686.6 |
        Temple |      1 |      1 |      0 |      0 |      0 |   1 |    1.0 |
        Bailey |    597 |    597 |      0 |    126 |    123 |   1 |  597.0 |
               +--------+--------+--------+--------+--------+-----+--------+

Top non-repeatable levels by time:
     D:5: 984 daAuts
     D:3: 924 daAuts
     D:4: 845 daAuts
     D:2: 818 daAuts
     D:6: 749 daAuts
     D:7: 640 daAuts
  Bailey: 597 daAuts
     D:1: 414 daAuts
     D:8: 117 daAuts
  Temple: 1 daAuts
